 Dungeon Crawl Stone Soup version 0.27.1-16-g815e20cd7a (webtiles) character file.

Game seed: 14232309324596918172

2 croobank the Sneak (level 1, -1/10 HPs)
             Began as a Felid Delver on Nov 24, 2021.
             Slain by a goblin (3 damage)
             ... on level 1 of the Dungeon.
             The game lasted 00:04:58 (376 turns).

croobank the Sneak (Felid Delver)                    Turns: 376, Time: 00:04:59

Health: -1/10      AC:  5    Str:  8    XL:     1   Next: 25%
Magic:  2/2        EV: 17    Int: 11    God:
Gold:   33         SH:  0    Dex: 17    Spells: 0/0 levels left
                                        Lives:  0   Deaths: 0

rFire    + . .     SeeInvis +     - Unarmed
rCold    x . .     Faith    .   (shield unavailable)
rNeg     . . .     Spirit   .   (armour unavailable)
rPois    .         Reflect  .   (helmet unavailable)
rElec    .         Harm     .   (cloak unavailable)
rCorr    .         Rampage  .   (gloves unavailable)
Will     .....                  (boots unavailable)
Stlth    ++++......             (no amulet)
HPRegen  0.03/turn              f - ring of fire
MPRegen  0.08/turn              j - +4 ring of protection

@: quick
A: very small, claws 1, fangs 3, see invisible, speed 1, shaggy fur 1, stealthy
paws, no weapons or thrown items, no armour, multi-lived
a: no special abilities


You were on level 1 of the Dungeon.
You visited 1 branch of the dungeon, and saw 5 of its levels.

You collected 33 gold pieces.

Inventory:

Missiles
 g - 14 stones
Jewellery
 f - a ring of fire (left paw)
 j - a +4 ring of protection (right paw)
Wands
 e - a wand of digging (3)
Scrolls
 b - a scroll of enchant armour {unknown}
 h - a scroll of noise {unknown}
 i - a scroll of teleportation {unknown}
Potions
 d - a potion of haste


   Skills:
 + Level 3.0 Fighting
 + Level 2.6 Dodging
 + Level 6.7 Stealth
 + Level 2.0 Unarmed Combat


You couldn't memorise any spells.
You didn't know any spells.
Your spell library contained the following spells:

 Spells                   Type           Power      Damage    Failure   Level
 Apportation              Tloc           0%         N/A       34%         1
 Alistair's Intoxication  Tmut/Pois      0%         N/A       100%        5
 Fireball                 Conj/Fire      0%         3d3       100%        5
 Iskenderun's Battlesphe  Conj           0%         2d6       100%        5
 Conjure Ball Lightning   Conj/Air       0%         3x3d6     100%        6
 Invisibility             Hex            0%         N/A       100%        6
 Orb of Destruction       Conj           0%         N/A       100%        7


Dungeon Overview and Level Annotations

Branches:
Dungeon (5/15)             Temple (0/1) D:5

Altars:

Portals:
Sewer: D:4

Annotations:
D:2 Terence


Innate Abilities, Weirdness & Mutations

You have sharp claws.
You have razor-sharp teeth.
You have supernaturally acute eyesight. (SInv)
You cover ground quickly. (Speed+)
You are covered in fur. (AC +1)
Your paws help you pounce on unaware monsters.
You are incapable of wielding weapons or throwing items.
You cannot wear armour.
You gain extra lives every three experience levels.


Message History

The quokka is moderately wounded.
The quokka bites you. The quokka completely misses you.
You barely miss the quokka.
The quokka is moderately wounded.
The quokka bites you.
As you read the scroll of fog, it crumbles to dust.
The scroll dissolves into smoke.
The quokka bites you.
You scratch the quokka.
The quokka is heavily wounded.
The quokka barely misses you.
You miss the quokka.
The quokka is heavily wounded.
The quokka completely misses you.
The quokka twitches its whiskers.
The quokka twitches its whiskers.
As you read the scroll of fear, it crumbles to dust.
You assume a fearsome visage.
Terence looks frightened!
The quokka looks frightened!
Found a stone staircase leading up.
A ball python comes into view.
There is a stone staircase leading up here.
You climb upwards.
The goblin shouts!
You hear a shout!
There is a stone staircase leading down here.
A hobgoblin comes into view.
The hobgoblin shouts!
You scratch the goblin but do no damage.
You hear a shout!
The goblin barely misses you.
You closely miss the goblin. The goblin misses you.
You scratch the goblin.
The goblin is heavily wounded.
The goblin hits you but does no damage.
You closely miss the goblin.
The goblin is moderately wounded.
The goblin hits you with a +0 club.
* * * LOW HITPOINT WARNING * * *
A goblin comes into view. It is wielding a +0 dagger.
The goblin hits you with a +0 club.
You die...

#g#.#
#.#.#
#...####
#......
#.....
#..g.
#.g#
#.@#
####


You could see a hobgoblin and 2 goblins.

Vanquished Creatures
  A bat (D:2)
  A rat (D:3)
2 creatures vanquished.

Notes
Turn   | Place    | Note
-------+----------+-------------------------------------------
     0 | D:5      | croobank the Felid Delver began the quest for the Orb.
     0 | D:5      | Reached XP level 1. HP: 10/10 MP: 2/2
    54 | D:5      | Noticed an ice beast
   235 | D:4      | Found a glowing drain.
   322 | D:2      | Noticed Terence
   376 | D:1      | Slain by a goblin

Illustrated notes

Levels and vault maps discovered:
D:1:      lightli_arrival_isolated_outpost, layout_basic, minivault_19,
          minmay_misc_feat_more_columns
D:2:      layout_loops_cross, serial_shops, nicolae_diamond_shop,
          grunt_ministairs_5, uniq_terence, uniq_natasha
D:3:      layout_loops_cross, hellmonk_ecumenical_altar_zigzags,
          minmay_fountain_box, roderic_lattice_a
D:4:      layout_loops_ring, gup_sewer_entry_glass
D:5:      layout_gridville, minmay_temple_entry_grid, corexii_leaking_fountain

Action                   || total
-------------------------++-------
Melee: Unarmed           ||    14
  Use: Scroll            ||     3
 Stab: Sleeping          ||     2
Armor: Skin              ||     4
Dodge: Dodged            ||     7
